Minnesota Wild vs Anaheim Ducks

Created - mardi, 19 mars 2024 at 19:00

Goals
1 2 3 T
Minnesota Wild 1 0 0 1
Anaheim Ducks 0 2 2 4
Shots
1 2 3 T
Minnesota Wild 11 8 12 31
Anaheim Ducks 8 21 11 40

1st period

1. Minnesota Wild , Nico Sturm 10 (Dakota Mermis 10) at 1:52 (PP)

Penalties :
J.T. Miller (ANA) for Hooking (Minor) at 0:28, Lukas Sedlak (ANA) for Hooking (Minor) at 5:28, Neal Pionk (ANA) for Roughing (Minor) at 7:22, Jon Merrill (MIN) for Hooking (Minor) at 18:48

2nd period

2. Anaheim Ducks , Cam Fowler 7 (David Savard 30, J.T. Miller 42) at 9:55 (PP)
3. Anaheim Ducks , Viktor Arvidsson 26 (Brayden McNabb 18) at 12:34

Penalties :
Jonas Brodin (MIN) for Roughing (Minor) at 4:05, Mikael Granlund (MIN) for Hooking (Minor) at 8:32, Jonas Brodin (MIN) for Cross-checking (Minor) at 14:16

3rd period

4. Anaheim Ducks , J.T. Miller 31 (Steven Lorentz 6, Scott Mayfield 27) at 12:27
5. Anaheim Ducks , Gustav Nyquist 11 (Jani Hakanpaa 13, Brayden McNabb 19) at 15:15

Penalties :
Rickard Rakell (ANA) for High sticking (Minor) at 3:35

Goalie Stats

Marc-Andre Fleury (MIN), 36 saves from 40 shots - (0.900), L, 30-20-1, 60:00 minutes
Martin Jones (ANA), 30 saves from 31 shots - (0.968), W, 24-21-5, 60:00 minutes

Players Stats for Minnesota Wild

Player Name              G  A  P  +/- PIM S  H  SB GA TA FO     MP     PP MP  PK MP  
------------------------------------------------------------------------------------
Brandon Duhaime          0  0  0   0  0   2  2  0  0  0  0/0    15:02   3:09   0:00 
Brock Nelson             0  0  0   0  0   2  2  0  0  0  9/21   15:18   0:45   0:00 
Christian Dvorak         0  0  0   0  0   3  0  0  0  0  17/34  18:42   3:09   3:40 
Dakota Mermis            0  1  1   0  0   0  2  2  0  0  0/0    17:55   3:41   2:50 
Evan Rodrigues           0  0  0   0  0   7  2  0  0  0  0/0    14:40   0:07   0:00 
Joel Eriksson Ek         0  0  0  -2  0   5  4  0  0  0  3/7    21:14   3:47   3:40 
Jon Merrill              0  0  0  -1  2   1  0  2  0  0  0/0    16:40   3:15   0:00 
Jonas Brodin             0  0  0  -2  4   0  1  0  0  0  0/0    20:22   0:20   0:03 
Kevin Rooney             0  0  0  -1  0   0  1  0  0  0  0/0     5:11   0:00   0:00 
Kirill Kaprizov          0  0  0  -2  0   4  1  0  0  0  0/1    18:58   4:37   0:00 
Matt Dumba               0  0  0  -1  0   0  2  3  0  0  0/0    17:26   0:20   4:27 
Mika Zibanejad           0  0  0  -3  0   2  1  0  0  0  14/37  25:26   3:22   3:40 
Mikael Granlund          0  0  0   0  2   3  0  0  0  0  2/2    14:52   0:20   0:00 
Mike Reilly              0  0  0   0  0   0  4  1  0  0  0/0    19:14   3:41   4:14 
Nick Seeler              0  0  0  -1  0   0  2  0  0  0  0/0    19:47   3:15   3:06 
Nico Sturm               1  0  1  -1  0   2  0  0  0  0  0/1    11:23   2:32   3:40 
Robert Hagg              0  0  0  -1  0   0  3  0  0  0  0/0     8:33   0:00   0:00 
Wayne Simmonds           0  0  0   0  0   0  4  0  0  0  0/0    11:53   0:00   0:00 

Players Stats for Anaheim Ducks

Player Name              G  A  P  +/- PIM S  H  SB GA TA FO     MP     PP MP  PK MP  
------------------------------------------------------------------------------------
Brayden McNabb           0  2  2   2  0   0  1  3  0  0  0/0    15:52   0:00   0:00 
Calle Jarnkrok           0  0  0   1  0   1  0  0  0  0  15/25  15:34   0:15   3:37 
Cam Fowler               1  0  1   0  0   1  0  0  0  0  0/0    23:40   3:48   3:49 
Chandler Stephenson      0  0  0   0  0   3  0  0  0  0  1/1    17:17   3:53   0:05 
David Savard             0  1  1   0  0   3  2  1  0  0  0/0    23:11   3:48   3:20 
Gustav Nyquist           1  0  1   1  0   6  0  0  0  0  0/0    11:42   0:00   0:00 
J.T. Miller              1  1  2   1  2   5  1  0  0  0  17/28  26:19   3:55   3:06 
Jani Hakanpaa            0  1  1   2  0   0  1  1  0  0  0/0    16:52   0:00   1:00 
Jordan Kyrou             0  0  0   0  0   2  0  0  0  0  1/1    15:09   0:15   1:35 
Lukas Sedlak             0  0  0   1  2   1  0  0  0  0  2/8     5:58   0:00   0:00 
Neal Pionk               0  0  0   1  2   4  0  3  0  0  0/0    19:51   3:32   2:50 
Pavel Zacha              0  0  0   1  0   2  0  0  0  0  18/32  20:22   3:25   2:34 
Rickard Rakell           0  0  0   1  2   4  3  0  0  0  2/6    17:35   3:12   0:00 
Sam Lafferty             0  0  0   1  0   2  3  0  0  0  2/2    11:42   0:00   0:00 
Scott Harrington         0  0  0   0  0   0  0  0  0  0  0/0     0:00   0:00   0:00 
Scott Mayfield           0  1  1   1  0   1  0  2  0  0  0/0    20:33   3:32   3:32 
Steven Lorentz           0  1  1   1  0   1  1  0  0  0  0/0    13:22   3:53   3:30 
Viktor Arvidsson         1  0  1   1  0   4  2  0  0  0  0/0    17:36   3:12   0:00 

3 Stars

1 - Martin Jones (ANA)
2 - Brayden McNabb (ANA)
3 - Viktor Arvidsson (ANA)

Power Play

Minnesota Wild - 1 on 4 Attempt(s) - 25.00%
Anaheim Ducks - 1 on 4 Attempt(s) - 25.00%

Penalty Kill

Minnesota Wild - 3 on 4 Attempt(s) - 75.00% - Score 0 goal in Penalty Kill
Anaheim Ducks - 3 on 4 Attempt(s) - 75.00% - Score 0 goal in Penalty Kill

Team Stat

Minnesota Wild - Hits : 31 - Faceoff Wins : 45 - Blocked Shots : 8 - Penalty Minutes : 8
Anaheim Ducks - Hits : 14 - Faceoff Wins : 58 - Blocked Shots : 10 - Penalty Minutes : 8

Official

Referees : Kyle Rehman and Ian Walsh
Linesman : Caleb Apperson and Person Placeholder

Game Notes

No Game Note

Finance

Level 1 -- Attendance: 9387 (93.87%) -- Ticket Income $ 844 830
Level 2 -- Attendance: 1703 (85.15%) -- Ticket Income $ 127 725
Level 3 -- Attendance: 3056 (87.31%) -- Ticket Income $ 137 520
Level 4 -- Attendance: 1177 (81.17%) -- Ticket Income $ 35 310
Luxury Box -- Attendance: 46 (92.00%) -- Ticket Income $ 10 120
Game was played at the Honda Center.
Total Attendance: 15369 (90.41%)
Total Ticket Income: $ 1 155 505
Total Income: $ 1 155 505

Minnesota Wild

5 vs 5 Forward 
   Center                   Left Wing                Right Wing               Time % Phy DF OF 
 1 Mika Zibanejad           Kirill Kaprizov          Joel Eriksson Ek         30     0   0  5  
 2 Brock Nelson             Evan Rodrigues           Mikael Granlund          30     0   1  4  
 3 Christian Dvorak         Brandon Duhaime          Wayne Simmonds           25     0   3  2  
 4 Mika Zibanejad           Kevin Rooney             Nico Sturm               15     1   3  1  

5 vs 5 Defense 
   Defense                  Defense                                           Time % Phy DF OF 
 1 Matt Dumba               Jonas Brodin                                      30     0   3  2  
 2 Nick Seeler              Jon Merrill                                       30     0   3  2  
 3 Dakota Mermis            Mike Reilly                                       25     0   3  2  
 4 Robert Hagg              Jonas Brodin                                      15     0   3  2  

PowerPlay Forward 
   Center                   Left Wing                Right Wing               Time % Phy DF OF 
 1 Mika Zibanejad           Kirill Kaprizov          Joel Eriksson Ek         50     0   0  5  
 2 Christian Dvorak         Brandon Duhaime          Nico Sturm               50     0   0  5  

PowerPlay Defense
   Defense                  Defense                                           Time % Phy DF OF 
 1 Mike Reilly              Dakota Mermis                                     50     0   1  4  
 2 Jon Merrill              Nick Seeler                                       50     0   1  4  

Penalty Kill 4 Players Forward 
   Center                   Wing                     Time % Phy DF OF 
 1 Joel Eriksson Ek         Mika Zibanejad           50     0   5  0  
 2 Christian Dvorak         Nico Sturm               50     0   5  0  

Penalty Kill 4 Players Defense
   Defense                  Defense                  Time % Phy DF OF 
 1 Matt Dumba               Mike Reilly              50     0   5  0  
 2 Nick Seeler              Dakota Mermis            50     0   5  0  

Penalty Kill - 3 Players Forward 
   Forward                                           Time % Phy DF OF 
 1 Christian Dvorak                                  50     0   5  0  
 2 Joel Eriksson Ek                                  50     0   5  0  

Penalty Kill - 3 Players Defense
   Defense                  Defense                  Time % Phy DF OF 
 1 Matt Dumba               Jon Merrill              50     0   5  0  
 2 Nick Seeler              Mike Reilly              50     0   5  0  

4 vs 4 Forward 
   Center                   Wing                     Time % Phy DF OF 
 1 Nico Sturm               Christian Dvorak         50     0   2  3  
 2 Brandon Duhaime          Joel Eriksson Ek         50     0   2  3  

4 vs 4 Defense
   Defense                  Defense                  Time % Phy DF OF 
 1 Dakota Mermis            Nick Seeler              50     0   3  2  
 2 Matt Dumba               Mike Reilly              50     0   3  2  

Last Minutes Offensive
   Center                   Left Wing                Right Wing               Defense                  Defense                  
   Mika Zibanejad           Kirill Kaprizov          Brock Nelson             Matt Dumba               Jonas Brodin             

Last Minutes Defensive
   Center                   Left Wing                Right Wing               Defense                  Defense                  
   Mika Zibanejad           Kirill Kaprizov          Joel Eriksson Ek         Jon Merrill              Mike Reilly              

Goaltenders
Starting : Marc-Andre Fleury        
Backup : Matthew Berlin           

Extra Forwards
Normal : Joel Eriksson Ek, Christian Dvorak, Nico Sturm - PP : Christian Dvorak, Brandon Duhaime - PK : Christian Dvorak
Extra Defensemen
Normal : Nick Seeler, Dakota Mermis, Mike Reilly - PP : Nick Seeler - PK : Dakota Mermis, Nick Seeler
Penalty Shots
Christian Dvorak, Nico Sturm, Joel Eriksson Ek, Brandon Duhaime, Kevin Rooney
Custom OT Lines Forwards
Kirill Kaprizov, Brock Nelson, Mika Zibanejad, Evan Rodrigues, Joel Eriksson Ek, Mikael Granlund, Brandon Duhaime, Christian Dvorak, Nico Sturm, Kevin Rooney
Custom OT Lines Defensemen
Jon Merrill, Nick Seeler, Mike Reilly, Matt Dumba, Dakota Mermis

Scratches
Joseph Cramarossa (Healthy), Nick Swaney (Healthy), Bokondji Imama (Healthy), Alex Nedeljkovic (Broken Nose Injury)

Anaheim Ducks

5 vs 5 Forward 
   Center                   Left Wing                Right Wing               Time % Phy DF OF 
 1 J.T. Miller              Chandler Stephenson      Jordan Kyrou             30     1   2  2  
 2 Pavel Zacha              Viktor Arvidsson         Rickard Rakell           30     1   2  2  
 3 Calle Jarnkrok           Gustav Nyquist           Sam Lafferty             25     1   2  2  
 4 Lukas Sedlak             Steven Lorentz           J.T. Miller              15     1   2  2  

5 vs 5 Defense 
   Defense                  Defense                                           Time % Phy DF OF 
 1 Cam Fowler               David Savard                                      35     1   2  2  
 2 Jani Hakanpaa            Brayden McNabb                                    35     1   2  2  
 3 Neal Pionk               Scott Mayfield                                    30     1   2  2  
 4 Cam Fowler               David Savard                                      0      1   2  2  

PowerPlay Forward 
   Center                   Left Wing                Right Wing               Time % Phy DF OF 
 1 Pavel Zacha              Steven Lorentz           Chandler Stephenson      50     1   2  2  
 2 Rickard Rakell           J.T. Miller              Viktor Arvidsson         50     1   2  2  

PowerPlay Defense
   Defense                  Defense                                           Time % Phy DF OF 
 1 Cam Fowler               David Savard                                      50     1   2  2  
 2 Neal Pionk               Scott Mayfield                                    50     1   2  2  

Penalty Kill 4 Players Forward 
   Center                   Wing                     Time % Phy DF OF 
 1 Calle Jarnkrok           Steven Lorentz           50     1   2  2  
 2 Pavel Zacha              J.T. Miller              50     1   2  2  

Penalty Kill 4 Players Defense
   Defense                  Defense                  Time % Phy DF OF 
 1 Cam Fowler               David Savard             50     1   2  2  
 2 Neal Pionk               Scott Mayfield           50     1   2  2  

Penalty Kill - 3 Players Forward 
   Forward                                           Time % Phy DF OF 
 1 Calle Jarnkrok                                    50     1   2  2  
 2 Pavel Zacha                                       50     1   2  2  

Penalty Kill - 3 Players Defense
   Defense                  Defense                  Time % Phy DF OF 
 1 Cam Fowler               David Savard             50     1   2  2  
 2 Neal Pionk               Scott Mayfield           50     1   2  2  

4 vs 4 Forward 
   Center                   Wing                     Time % Phy DF OF 
 1 Pavel Zacha              J.T. Miller              50     1   2  2  
 2 Jordan Kyrou             Steven Lorentz           50     1   2  2  

4 vs 4 Defense
   Defense                  Defense                  Time % Phy DF OF 
 1 Cam Fowler               David Savard             50     1   2  2  
 2 Neal Pionk               Scott Mayfield           50     1   2  2  

Last Minutes Offensive
   Center                   Left Wing                Right Wing               Defense                  Defense                  
   J.T. Miller              Chandler Stephenson      Jordan Kyrou             Cam Fowler               David Savard             

Last Minutes Defensive
   Center                   Left Wing                Right Wing               Defense                  Defense                  
   J.T. Miller              Chandler Stephenson      Jordan Kyrou             Cam Fowler               David Savard             

Goaltenders
Starting : Martin Jones             
Backup : Scott Wedgewood          

Extra Forwards
Normal : Pavel Zacha, J.T. Miller, Steven Lorentz - PP : Pavel Zacha, Steven Lorentz - PK : Steven Lorentz
Extra Defensemen
Normal : Cam Fowler, Jani Hakanpaa, Neal Pionk - PP : David Savard - PK : Jani Hakanpaa, Neal Pionk
Penalty Shots
Pavel Zacha, Steven Lorentz, Calle Jarnkrok, J.T. Miller, Viktor Arvidsson
Custom OT Lines Forwards
J.T. Miller, Chandler Stephenson, Jordan Kyrou, Sam Lafferty, Viktor Arvidsson, Rickard Rakell, Pavel Zacha, Calle Jarnkrok, Lukas Sedlak, Steven Lorentz
Custom OT Lines Defensemen
Cam Fowler, David Savard, Neal Pionk, Scott Mayfield, Jani Hakanpaa

Scratches
Ryan Lomberg (Healthy), Brett Howden (Healthy), Michael Hutchinson (Healthy)

% Time on Ice - Minnesota Wild

Lines # - Real PCT - Wanted PCT - Time Play
Normal Forward
1 - 30% - 30% - 13:47
2 - 32% - 30% - 14:33
3 - 26% - 25% - 11:53
4 - 11% - 15% - 5:11
Normal Defense
1 - 28% - 30% - 12:34
2 - 30% - 30% - 13:26
3 - 25% - 25% - 11:24
4 - 18% - 15% - 8:00
PP Forward
1 - 55% - 50% - 4:00
2 - 45% - 50% - 3:16
PP Defense
1 - 51% - 50% - 3:41
2 - 49% - 50% - 3:35
PK Forward
1 - 50% - 50% - 3:40
2 - 50% - 50% - 3:40
PK Defense
1 - 58% - 50% - 4:14
2 - 42% - 50% - 3:06
PK3 Forward
1 - 0% - 50%
2 - 0% - 50%
PK3 Defense
1 - 0% - 50%
2 - 0% - 50%
44 Forward
1 - 0% - 50%
2 - 0% - 50%
44 Defense
1 - 0% - 50%
2 - 0% - 50%
Last Minute Offensive  - 0:00
Last Minute Defensive  - 0:00
Total
Forward - 60:00
Defense - 60:00

% Time on Ice - Anaheim Ducks

Lines # - Real PCT - Wanted PCT - Time Play
Normal Forward
1 - 29% - 30% - 13:19
2 - 32% - 30% - 14:24
3 - 26% - 25% - 11:42
4 - 13% - 15% - 5:59
Normal Defense
1 - 35% - 35% - 16:03
2 - 35% - 35% - 15:52
3 - 30% - 30% - 13:29
4 - 0% - 0% - 0:00
PP Forward
1 - 53% - 50% - 3:53
2 - 47% - 50% - 3:27
PP Defense
1 - 52% - 50% - 3:48
2 - 48% - 50% - 3:32
PK Forward
1 - 50% - 50% - 3:35
2 - 50% - 50% - 3:36
PK Defense
1 - 42% - 50% - 3:03
2 - 58% - 50% - 4:08
PK3 Forward
1 - 100% - 50% - 0:05
2 - 0% - 50% - 0:00
PK3 Defense
1 - 0% - 50% - 0:00
2 - 100% - 50% - 0:05
44 Forward
1 - 0% - 50%
2 - 0% - 50%
44 Defense
1 - 0% - 50%
2 - 0% - 50%
Last Minute Offensive  - 0:00
Last Minute Defensive  - 0:00
Total
Forward - 60:00
Defense - 60:00

Play-by-Play

1st period


0:01 of 1st period - Chandler Stephenson wins face-off versus Joel Eriksson Ek in neutral zone.
0:25 of 1st period - Shot by J.T. Miller.
0:25 of 1st period - Shot Misses the Net.
0:28 of 1st period - Minor Penalty to J.T. Miller for Hooking.
0:29 of 1st period - Calle Jarnkrok wins face-off versus Christian Dvorak in Anaheim Ducks zone.
0:40 of 1st period - Shot by Mike Reilly.
0:40 of 1st period - Shot Blocked by Neal Pionk.
0:42 of 1st period - Shot by Christian Dvorak.
0:42 of 1st period - Stopped by Martin Jones without a rebound.
0:43 of 1st period - Calle Jarnkrok wins face-off versus Mika Zibanejad in Anaheim Ducks zone.
0:49 of 1st period - Icing by Joel Eriksson Ek.
0:50 of 1st period - Mika Zibanejad wins face-off versus Calle Jarnkrok in Minnesota Wild zone.
1:17 of 1st period - Shot by Mika Zibanejad.
1:17 of 1st period - Shot Blocked by Neal Pionk.
1:39 of 1st period - David Savard is hit by Brandon Duhaime and loses puck.
1:45 of 1st period - Nico Sturm is hit by David Savard and loses puck.
1:52 of 1st period - Shot by Nico Sturm.
1:52 of 1st period - Goal by Nico Sturm - Minnesota Wild : 1 - Anaheim Ducks : 0.
1:53 of 1st period - Brock Nelson wins face-off versus Pavel Zacha in neutral zone.
1:58 of 1st period - Shot by Mikael Granlund.
1:58 of 1st period - Shot Blocked by Jani Hakanpaa.
2:02 of 1st period - Shot by Evan Rodrigues.
2:02 of 1st period - Stopped by Martin Jones without a rebound.
2:03 of 1st period - J.T. Miller wins face-off versus Brock Nelson in Anaheim Ducks zone.
2:59 of 1st period - Icing by Matt Dumba.
3:00 of 1st period - Calle Jarnkrok wins face-off versus Brock Nelson in Minnesota Wild zone.
3:20 of 1st period - Icing by Neal Pionk.
3:21 of 1st period - Christian Dvorak wins face-off versus Calle Jarnkrok in Anaheim Ducks zone.
4:03 of 1st period - Icing by Jani Hakanpaa.
4:04 of 1st period - Mika Zibanejad wins face-off versus Pavel Zacha in Anaheim Ducks zone.
4:21 of 1st period - Shot by Kirill Kaprizov.
4:21 of 1st period - Stopped by Martin Jones with a rebound.
4:35 of 1st period - Shot by Mika Zibanejad.
4:35 of 1st period - Stopped by Martin Jones with a rebound.
4:37 of 1st period - Shot by Kirill Kaprizov.
4:37 of 1st period - Shot Blocked by Brayden McNabb.
4:39 of 1st period - Shot by Joel Eriksson Ek.
4:39 of 1st period - Stopped by Martin Jones with a rebound.
4:57 of 1st period - Shot by Mika Zibanejad.
4:57 of 1st period - Shot Misses the Net.
5:14 of 1st period - J.T. Miller is hit by Robert Hagg and loses puck.
5:28 of 1st period - Minor Penalty to Lukas Sedlak for Hooking.
5:29 of 1st period - Christian Dvorak wins face-off versus Calle Jarnkrok in Anaheim Ducks zone.
6:30 of 1st period - Off-side.
6:31 of 1st period - Pavel Zacha wins face-off versus Christian Dvorak in neutral zone.
6:42 of 1st period - Shot by Christian Dvorak.
6:42 of 1st period - Stopped by Martin Jones without a rebound.
6:43 of 1st period - Pavel Zacha wins face-off versus Mika Zibanejad in Anaheim Ducks zone.
6:49 of 1st period - Icing by Mika Zibanejad.
6:50 of 1st period - Calle Jarnkrok wins face-off versus Mika Zibanejad in Minnesota Wild zone.
6:58 of 1st period - Off-side.
6:59 of 1st period - Christian Dvorak wins face-off versus Pavel Zacha in neutral zone.
7:01 of 1st period - Off-side.
7:02 of 1st period - Christian Dvorak wins face-off versus Pavel Zacha in neutral zone.
7:09 of 1st period - Shot by Nick Seeler.
7:09 of 1st period - Shot Misses the Net.
7:22 of 1st period - Minor Penalty to Neal Pionk for Roughing.
7:23 of 1st period - Calle Jarnkrok wins face-off versus Mika Zibanejad in Anaheim Ducks zone.
7:52 of 1st period - Shot by Mika Zibanejad.
7:52 of 1st period - Shot Blocked by Scott Mayfield.
9:51 of 1st period - Shot by Evan Rodrigues.
9:51 of 1st period - Stopped by Martin Jones without a rebound.
9:52 of 1st period - Mika Zibanejad wins face-off versus Calle Jarnkrok in Anaheim Ducks zone.
9:56 of 1st period - Icing by Scott Mayfield.
9:57 of 1st period - Calle Jarnkrok wins face-off versus Christian Dvorak in Anaheim Ducks zone.
10:04 of 1st period - Shot by Scott Mayfield.
10:04 of 1st period - Stopped by Marc-Andre Fleury without a rebound.
10:05 of 1st period - Jordan Kyrou wins face-off versus Mika Zibanejad in Minnesota Wild zone.
10:13 of 1st period - Off-side.
10:14 of 1st period - Brock Nelson wins face-off versus Lukas Sedlak in neutral zone.
10:21 of 1st period - Shot by Brock Nelson.
10:21 of 1st period - Shot Misses the Net.
10:25 of 1st period - Shot by Evan Rodrigues.
10:25 of 1st period - Stopped by Martin Jones without a rebound.
10:26 of 1st period - Calle Jarnkrok wins face-off versus Mika Zibanejad in Anaheim Ducks zone.
10:26 of 1st period - Calle Jarnkrok is hit by Joel Eriksson Ek.
10:29 of 1st period - Gustav Nyquist is hit by Joel Eriksson Ek and loses puck.
10:38 of 1st period - Shot by Calle Jarnkrok.
10:38 of 1st period - Stopped by Marc-Andre Fleury without a rebound.
10:39 of 1st period - Christian Dvorak wins face-off versus J.T. Miller in Minnesota Wild zone.
10:39 of 1st period - Christian Dvorak is hit by J.T. Miller.
10:44 of 1st period - Icing by Brandon Duhaime.
10:45 of 1st period - J.T. Miller wins face-off versus Christian Dvorak in Minnesota Wild zone.
10:45 of 1st period - Neal Pionk is hit by Dakota Mermis and loses puck.
10:54 of 1st period - Shot by J.T. Miller.
10:54 of 1st period - Shot Misses the Net.
10:56 of 1st period - Shot by J.T. Miller.
10:56 of 1st period - Shot Misses the Net.
11:20 of 1st period - Shot by Jordan Kyrou.
11:20 of 1st period - Deflect By J.T. Miller.
11:20 of 1st period - Shot Blocked by Dakota Mermis.
12:16 of 1st period - Joel Eriksson Ek is hit by Rickard Rakell and loses puck.
12:23 of 1st period - Brayden McNabb is hit by Mika Zibanejad and loses puck.
12:28 of 1st period - Shot by Kirill Kaprizov.
12:28 of 1st period - Shot Hit the Post.
12:30 of 1st period - Shot by Nick Seeler.
12:30 of 1st period - Shot Misses the Net.
12:32 of 1st period - Shot by Kirill Kaprizov.
12:32 of 1st period - Shot Misses the Net.
12:43 of 1st period - Off-side.
12:44 of 1st period - Lukas Sedlak wins face-off versus Brock Nelson in neutral zone.
13:09 of 1st period - Shot by J.T. Miller.
13:09 of 1st period - Stopped by Marc-Andre Fleury with a rebound.
13:29 of 1st period - Shot by Gustav Nyquist.
13:29 of 1st period - Stopped by Marc-Andre Fleury without a rebound.
13:30 of 1st period - Mika Zibanejad wins face-off versus J.T. Miller in Minnesota Wild zone.
13:48 of 1st period - Icing by David Savard.
13:49 of 1st period - Mika Zibanejad wins face-off versus J.T. Miller in Anaheim Ducks zone.
14:02 of 1st period - Shot by Mika Zibanejad.
14:02 of 1st period - Shot Misses the Net.
14:18 of 1st period - Shot by Mika Zibanejad.
14:18 of 1st period - Shot Misses the Net.
15:22 of 1st period - Brayden McNabb is hit by Joel Eriksson Ek and loses puck.
15:56 of 1st period - Shot by Christian Dvorak.
15:56 of 1st period - Shot Misses the Net.
16:28 of 1st period - Shot by Kirill Kaprizov.
16:28 of 1st period - Shot Blocked by Neal Pionk.
16:30 of 1st period - Shot by Kirill Kaprizov.
16:30 of 1st period - Deflect By Nico Sturm.
16:30 of 1st period - Shot Misses the Net.
16:32 of 1st period - Shot by Kirill Kaprizov.
16:32 of 1st period - Shot Blocked by Scott Mayfield.
16:54 of 1st period - Shot by Brock Nelson.
16:54 of 1st period - Shot Misses the Net.
17:02 of 1st period - Shot by J.T. Miller.
17:02 of 1st period - Deflect By Steven Lorentz.
17:02 of 1st period - Stopped by Marc-Andre Fleury without a rebound.
17:03 of 1st period - J.T. Miller wins face-off versus Mika Zibanejad in Minnesota Wild zone.
17:10 of 1st period - Shot by J.T. Miller.
17:10 of 1st period - Stopped by Marc-Andre Fleury without a rebound.
17:11 of 1st period - Christian Dvorak wins face-off versus Lukas Sedlak in Minnesota Wild zone.
17:26 of 1st period - Shot by J.T. Miller.
17:26 of 1st period - Stopped by Marc-Andre Fleury without a rebound.
17:27 of 1st period - Mika Zibanejad wins face-off versus Pavel Zacha in Minnesota Wild zone.
17:27 of 1st period - Mika Zibanejad is hit by Viktor Arvidsson.
17:41 of 1st period - Shot by Joel Eriksson Ek.
17:41 of 1st period - Stopped by Martin Jones without a rebound.
17:42 of 1st period - Brock Nelson wins face-off versus J.T. Miller in Anaheim Ducks zone.
17:49 of 1st period - Shot by Evan Rodrigues.
17:49 of 1st period - Stopped by Martin Jones without a rebound.
17:50 of 1st period - Pavel Zacha wins face-off versus Mika Zibanejad in Anaheim Ducks zone.
18:03 of 1st period - Shot by Viktor Arvidsson.
18:03 of 1st period - Shot Misses the Net.
18:41 of 1st period - Icing by Matt Dumba.
18:42 of 1st period - Calle Jarnkrok wins face-off versus Mika Zibanejad in Minnesota Wild zone.
18:43 of 1st period - Shot by Gustav Nyquist.
18:43 of 1st period - Stopped by Marc-Andre Fleury without a rebound.
18:44 of 1st period - Calle Jarnkrok wins face-off versus Brock Nelson in Minnesota Wild zone.
18:48 of 1st period - Minor Penalty to Jon Merrill for Hooking.
18:49 of 1st period - Rickard Rakell wins face-off versus Christian Dvorak in Minnesota Wild zone.
Goals for this period are 1 for Minnesota Wild vs 0 for Anaheim Ducks.
Shots for this period are 11 for Minnesota Wild vs 8 for Anaheim Ducks.

2nd period


0:01 of 2nd period - Pavel Zacha wins face-off versus Joel Eriksson Ek in neutral zone.
0:04 of 2nd period - Shot by Scott Mayfield.
0:04 of 2nd period - Shot Misses the Net.
1:06 of 2nd period - Shot by Brock Nelson.
1:06 of 2nd period - Shot Blocked by Brayden McNabb.
1:08 of 2nd period - Shot by Jon Merrill.
1:08 of 2nd period - Shot Misses the Net.
1:10 of 2nd period - Shot by Brock Nelson.
1:10 of 2nd period - Stopped by Martin Jones without a rebound.
1:11 of 2nd period - J.T. Miller wins face-off versus Christian Dvorak in Anaheim Ducks zone.
1:11 of 2nd period - J.T. Miller is hit by Wayne Simmonds.
1:22 of 2nd period - Cam Fowler is hit by Wayne Simmonds and loses puck.
1:42 of 2nd period - Chandler Stephenson is hit by Robert Hagg and loses puck.
1:58 of 2nd period - Off-side.
1:59 of 2nd period - Sam Lafferty wins face-off versus Mika Zibanejad in neutral zone.
2:08 of 2nd period - Shot by Gustav Nyquist.
2:08 of 2nd period - Deflect By Calle Jarnkrok.
2:08 of 2nd period - Shot Misses the Net.
2:10 of 2nd period - Shot by Neal Pionk.
2:10 of 2nd period - Stopped by Marc-Andre Fleury without a rebound.
2:11 of 2nd period - Mikael Granlund wins face-off versus Pavel Zacha in Minnesota Wild zone.
2:11 of 2nd period - Mikael Granlund is hit by Rickard Rakell.
2:27 of 2nd period - Shot by Evan Rodrigues.
2:27 of 2nd period - Shot Misses the Net.
2:32 of 2nd period - Icing by Viktor Arvidsson.
2:33 of 2nd period - Mika Zibanejad wins face-off versus Pavel Zacha in Anaheim Ducks zone.
2:48 of 2nd period - Shot by Viktor Arvidsson.
2:48 of 2nd period - Shot Misses the Net.
3:13 of 2nd period - Icing by Jon Merrill.
3:14 of 2nd period - Mika Zibanejad wins face-off versus J.T. Miller in Minnesota Wild zone.
3:37 of 2nd period - Shot by Jordan Kyrou.
3:37 of 2nd period - Shot Misses the Net.
3:47 of 2nd period - Shot by Jordan Kyrou.
3:47 of 2nd period - Shot Misses the Net.
3:49 of 2nd period - Shot by David Savard.
3:49 of 2nd period - Stopped by Marc-Andre Fleury with a rebound.
3:51 of 2nd period - Shot by J.T. Miller.
3:51 of 2nd period - Stopped by Marc-Andre Fleury without a rebound.
3:52 of 2nd period - Calle Jarnkrok wins face-off versus Christian Dvorak in Minnesota Wild zone.
4:05 of 2nd period - Minor Penalty to Jonas Brodin for Roughing.
4:06 of 2nd period - Christian Dvorak wins face-off versus J.T. Miller in Minnesota Wild zone.
4:21 of 2nd period - Shot by Rickard Rakell.
4:21 of 2nd period - Stopped by Marc-Andre Fleury without a rebound.
4:22 of 2nd period - Pavel Zacha wins face-off versus Christian Dvorak in Minnesota Wild zone.
4:33 of 2nd period - Shot by Pavel Zacha.
4:33 of 2nd period - Stopped by Marc-Andre Fleury with a rebound.
4:35 of 2nd period - Shot by Pavel Zacha.
4:35 of 2nd period - Stopped by Marc-Andre Fleury without a rebound.
4:36 of 2nd period - Joel Eriksson Ek wins face-off versus Rickard Rakell in Minnesota Wild zone.
5:06 of 2nd period - Shot by Neal Pionk.
5:06 of 2nd period - Stopped by Marc-Andre Fleury without a rebound.
5:07 of 2nd period - Pavel Zacha wins face-off versus Joel Eriksson Ek in Minnesota Wild zone.
5:17 of 2nd period - Shot by David Savard.
5:17 of 2nd period - Stopped by Marc-Andre Fleury without a rebound.
5:18 of 2nd period - Joel Eriksson Ek wins face-off versus Pavel Zacha in Minnesota Wild zone.
5:18 of 2nd period - Joel Eriksson Ek is hit by Steven Lorentz.
6:01 of 2nd period - Icing by Scott Mayfield.
6:02 of 2nd period - Rickard Rakell wins face-off versus Christian Dvorak in Anaheim Ducks zone.
6:07 of 2nd period - Shot by Calle Jarnkrok.
6:07 of 2nd period - Shot Misses the Net.
6:09 of 2nd period - Shot by Gustav Nyquist.
6:09 of 2nd period - Stopped by Marc-Andre Fleury without a rebound.
6:10 of 2nd period - Brock Nelson wins face-off versus Calle Jarnkrok in Minnesota Wild zone.
6:12 of 2nd period - Mikael Granlund is hit by Sam Lafferty and loses puck.
6:16 of 2nd period - Jonas Brodin is hit by Jani Hakanpaa and loses puck.
6:38 of 2nd period - Brock Nelson is hit by Brayden McNabb and loses puck.
6:52 of 2nd period - Off-side.
6:53 of 2nd period - J.T. Miller wins face-off versus Mika Zibanejad in neutral zone.
7:13 of 2nd period - Shot by Chandler Stephenson.
7:13 of 2nd period - Shot Misses the Net.
7:15 of 2nd period - Shot by Scott Mayfield.
7:15 of 2nd period - Shot Blocked by Jon Merrill.
7:17 of 2nd period - Shot by Jordan Kyrou.
7:17 of 2nd period - Stopped by Marc-Andre Fleury with a rebound.
7:19 of 2nd period - Shot by Chandler Stephenson.
7:19 of 2nd period - Stopped by Marc-Andre Fleury without a rebound.
7:20 of 2nd period - Christian Dvorak wins face-off versus Pavel Zacha in Minnesota Wild zone.
7:20 of 2nd period - Christian Dvorak is hit by Viktor Arvidsson.
7:26 of 2nd period - Shot by Brandon Duhaime.
7:26 of 2nd period - Stopped by Martin Jones without a rebound.
7:27 of 2nd period - Christian Dvorak wins face-off versus Pavel Zacha in Anaheim Ducks zone.
7:42 of 2nd period - Shot by Cam Fowler.
7:42 of 2nd period - Shot Misses the Net.
7:44 of 2nd period - Shot by David Savard.
7:44 of 2nd period - Stopped by Marc-Andre Fleury without a rebound.
7:45 of 2nd period - J.T. Miller wins face-off versus Mika Zibanejad in Minnesota Wild zone.
7:46 of 2nd period - Shot by Jordan Kyrou.
7:46 of 2nd period - Shot Blocked by Dakota Mermis.
7:55 of 2nd period - Shot by Jordan Kyrou.
7:55 of 2nd period - Shot Misses the Net.
7:57 of 2nd period - Shot by Scott Mayfield.
7:57 of 2nd period - Shot Misses the Net.
7:59 of 2nd period - Shot by Neal Pionk.
7:59 of 2nd period - Stopped by Marc-Andre Fleury without a rebound.
8:00 of 2nd period - Brock Nelson wins face-off versus Rickard Rakell in Minnesota Wild zone.
8:10 of 2nd period - Pavel Zacha is hit by Brock Nelson.
8:16 of 2nd period - Brock Nelson is hit by Rickard Rakell and loses puck.
8:26 of 2nd period - Rickard Rakell is hit by Nick Seeler and loses puck.
8:32 of 2nd period - Minor Penalty to Mikael Granlund for Hooking.
8:33 of 2nd period - Pavel Zacha wins face-off versus Christian Dvorak in Minnesota Wild zone.
8:34 of 2nd period - Shot by Cam Fowler.
8:34 of 2nd period - Shot Blocked by Matt Dumba.
8:36 of 2nd period - Shot by Pavel Zacha.
8:36 of 2nd period - Shot Blocked by Matt Dumba.
9:01 of 2nd period - Shot by David Savard.
9:01 of 2nd period - Shot Blocked by Mike Reilly.
9:19 of 2nd period - Shot by Viktor Arvidsson.
9:19 of 2nd period - Shot Misses the Net.
9:29 of 2nd period - Shot by Neal Pionk.
9:29 of 2nd period - Stopped by Marc-Andre Fleury without a rebound.
9:30 of 2nd period - Christian Dvorak wins face-off versus Rickard Rakell in Minnesota Wild zone.
9:51 of 2nd period - Shot by J.T. Miller.
9:51 of 2nd period - Shot Misses the Net.
9:55 of 2nd period - Shot by Cam Fowler.
9:55 of 2nd period - Goal by Cam Fowler - Minnesota Wild : 1 - Anaheim Ducks : 1.
9:56 of 2nd period - Mikael Granlund wins face-off versus Calle Jarnkrok in neutral zone.
10:03 of 2nd period - Jonas Brodin is hit by Sam Lafferty and loses puck.
10:19 of 2nd period - Shot by Gustav Nyquist.
10:19 of 2nd period - Stopped by Marc-Andre Fleury without a rebound.
10:20 of 2nd period - J.T. Miller wins face-off versus Mika Zibanejad in Minnesota Wild zone.
10:35 of 2nd period - Shot by Kirill Kaprizov.
10:35 of 2nd period - Stopped by Martin Jones without a rebound.
10:36 of 2nd period - Christian Dvorak wins face-off versus Lukas Sedlak in Anaheim Ducks zone.
10:50 of 2nd period - J.T. Miller is hit by Matt Dumba and loses puck.
11:03 of 2nd period - Shot by J.T. Miller.
11:03 of 2nd period - Deflect By Lukas Sedlak.
11:03 of 2nd period - Stopped by Marc-Andre Fleury with a rebound.
11:12 of 2nd period - Off-side.
11:13 of 2nd period - Mika Zibanejad wins face-off versus Calle Jarnkrok in neutral zone.
11:13 of 2nd period - Joel Eriksson Ek is hit by Sam Lafferty and loses puck.
11:46 of 2nd period - Shot by Joel Eriksson Ek.
11:46 of 2nd period - Stopped by Martin Jones without a rebound.
11:47 of 2nd period - Pavel Zacha wins face-off versus Brock Nelson in Anaheim Ducks zone.
11:47 of 2nd period - Pavel Zacha is hit by Evan Rodrigues.
11:55 of 2nd period - Shot by Brock Nelson.
11:55 of 2nd period - Stopped by Martin Jones without a rebound.
11:56 of 2nd period - J.T. Miller wins face-off versus Brock Nelson in Anaheim Ducks zone.
12:17 of 2nd period - Shot by Evan Rodrigues.
12:17 of 2nd period - Stopped by Martin Jones without a rebound.
12:18 of 2nd period - Pavel Zacha wins face-off versus Mika Zibanejad in Anaheim Ducks zone.
12:18 of 2nd period - Pavel Zacha is hit by Joel Eriksson Ek.
12:34 of 2nd period - Shot by Viktor Arvidsson.
12:34 of 2nd period - Goal by Viktor Arvidsson - Minnesota Wild : 1 - Anaheim Ducks : 2.
12:35 of 2nd period - J.T. Miller wins face-off versus Christian Dvorak in neutral zone.
12:48 of 2nd period - Icing by David Savard.
12:49 of 2nd period - Mika Zibanejad wins face-off versus Lukas Sedlak in Anaheim Ducks zone.
12:50 of 2nd period - Shot by Nico Sturm.
12:50 of 2nd period - Shot Misses the Net.
13:55 of 2nd period - Shot by Christian Dvorak.
13:55 of 2nd period - Shot Misses the Net.
13:57 of 2nd period - Shot by Brandon Duhaime.
13:57 of 2nd period - Shot Blocked by Brayden McNabb.
13:59 of 2nd period - Shot by Matt Dumba.
13:59 of 2nd period - Shot Misses the Net.
14:16 of 2nd period - Minor Penalty to Jonas Brodin for Cross-checking.
14:17 of 2nd period - J.T. Miller wins face-off versus Joel Eriksson Ek in Minnesota Wild zone.
14:24 of 2nd period - Shot by J.T. Miller.
14:24 of 2nd period - Shot Misses the Net.
14:26 of 2nd period - Shot by Chandler Stephenson.
14:26 of 2nd period - Stopped by Marc-Andre Fleury without a rebound.
14:27 of 2nd period - Joel Eriksson Ek wins face-off versus J.T. Miller in Minnesota Wild zone.
14:44 of 2nd period - Shot by Mika Zibanejad.
14:44 of 2nd period - Stopped by Martin Jones without a rebound.
14:45 of 2nd period - Christian Dvorak wins face-off versus Rickard Rakell in Anaheim Ducks zone.
17:25 of 2nd period - Chandler Stephenson is hit by Nick Seeler and loses puck.
17:31 of 2nd period - Icing by Jon Merrill.
17:32 of 2nd period - Pavel Zacha wins face-off versus Mika Zibanejad in Minnesota Wild zone.
17:37 of 2nd period - Shot by Viktor Arvidsson.
17:37 of 2nd period - Stopped by Marc-Andre Fleury without a rebound.
17:38 of 2nd period - Brock Nelson wins face-off versus J.T. Miller in Minnesota Wild zone.
18:20 of 2nd period - Off-side.
18:21 of 2nd period - Pavel Zacha wins face-off versus Christian Dvorak in neutral zone.
18:54 of 2nd period - Shot by Viktor Arvidsson.
18:54 of 2nd period - Stopped by Marc-Andre Fleury without a rebound.
18:55 of 2nd period - Mika Zibanejad wins face-off versus Lukas Sedlak in Minnesota Wild zone.
19:48 of 2nd period - Icing by Matt Dumba.
19:49 of 2nd period - Pavel Zacha wins face-off versus Brock Nelson in Minnesota Wild zone.
19:50 of 2nd period - Shot by Viktor Arvidsson.
19:50 of 2nd period - Shot Blocked by Matt Dumba.
19:58 of 2nd period - Shot by Mikael Granlund.
19:58 of 2nd period - Stopped by Martin Jones without a rebound.
19:59 of 2nd period - Christian Dvorak wins face-off versus J.T. Miller in Anaheim Ducks zone.
Goals for this period are 0 for Minnesota Wild vs 2 for Anaheim Ducks.
Shots for this period are 8 for Minnesota Wild vs 21 for Anaheim Ducks.

3rd period


0:01 of 3rd period - J.T. Miller wins face-off versus Mika Zibanejad in neutral zone.
0:56 of 3rd period - Shot by Rickard Rakell.
0:56 of 3rd period - Shot Misses the Net.
0:58 of 3rd period - Shot by Rickard Rakell.
0:58 of 3rd period - Stopped by Marc-Andre Fleury with a rebound.
1:00 of 3rd period - Shot by Scott Mayfield.
1:00 of 3rd period - Shot Misses the Net.
1:02 of 3rd period - Shot by Neal Pionk.
1:02 of 3rd period - Shot Misses the Net.
1:04 of 3rd period - Shot by Pavel Zacha.
1:04 of 3rd period - Shot Misses the Net.
1:06 of 3rd period - Shot by Viktor Arvidsson.
1:06 of 3rd period - Shot Misses the Net.
1:10 of 3rd period - Shot by Pavel Zacha.
1:10 of 3rd period - Shot Misses the Net.
1:34 of 3rd period - Sam Lafferty is hit by Dakota Mermis and loses puck.
2:20 of 3rd period - Shot by Nico Sturm.
2:20 of 3rd period - Stopped by Martin Jones without a rebound.
2:21 of 3rd period - J.T. Miller wins face-off versus Mika Zibanejad in Anaheim Ducks zone.
2:31 of 3rd period - Jordan Kyrou is hit by Robert Hagg.
2:50 of 3rd period - Shot by Joel Eriksson Ek.
2:50 of 3rd period - Shot Misses the Net.
3:35 of 3rd period - Minor Penalty to Rickard Rakell for High sticking.
3:36 of 3rd period - Calle Jarnkrok wins face-off versus Mika Zibanejad in Anaheim Ducks zone.
3:45 of 3rd period - Shot by Kirill Kaprizov.
3:45 of 3rd period - Stopped by Martin Jones without a rebound.
3:46 of 3rd period - Calle Jarnkrok wins face-off versus Mika Zibanejad in Anaheim Ducks zone.
4:11 of 3rd period - Shot by Joel Eriksson Ek.
4:11 of 3rd period - Stopped by Martin Jones without a rebound.
4:12 of 3rd period - Pavel Zacha wins face-off versus Christian Dvorak in Anaheim Ducks zone.
4:14 of 3rd period - Neal Pionk is hit by Brandon Duhaime.
5:35 of 3rd period - Shot by Mikael Granlund.
5:35 of 3rd period - Stopped by Martin Jones without a rebound.
5:36 of 3rd period - J.T. Miller wins face-off versus Brock Nelson in Anaheim Ducks zone.
5:36 of 3rd period - J.T. Miller is hit by Evan Rodrigues.
5:56 of 3rd period - Shot by Chandler Stephenson.
5:56 of 3rd period - Stopped by Marc-Andre Fleury without a rebound.
5:57 of 3rd period - Pavel Zacha wins face-off versus Mika Zibanejad in Minnesota Wild zone.
6:00 of 3rd period - Shot by Rickard Rakell.
6:00 of 3rd period - Stopped by Marc-Andre Fleury with a rebound.
7:43 of 3rd period - Shot by Brandon Duhaime.
7:43 of 3rd period - Stopped by Martin Jones without a rebound.
7:44 of 3rd period - Mika Zibanejad wins face-off versus Lukas Sedlak in Anaheim Ducks zone.
7:58 of 3rd period - Kirill Kaprizov is hit by David Savard and loses puck.
8:20 of 3rd period - Off-side.
8:21 of 3rd period - Christian Dvorak wins face-off versus Pavel Zacha in neutral zone.
8:54 of 3rd period - Icing by Brayden McNabb.
8:55 of 3rd period - Brock Nelson wins face-off versus Pavel Zacha in Anaheim Ducks zone.
9:21 of 3rd period - Shot by Evan Rodrigues.
9:21 of 3rd period - Stopped by Martin Jones without a rebound.
9:22 of 3rd period - Mika Zibanejad wins face-off versus Calle Jarnkrok in Anaheim Ducks zone.
9:58 of 3rd period - Icing by Sam Lafferty.
9:59 of 3rd period - Christian Dvorak wins face-off versus Calle Jarnkrok in Anaheim Ducks zone.
11:46 of 3rd period - Shot by Mika Zibanejad.
11:46 of 3rd period - Shot Misses the Net.
12:23 of 3rd period - Shot by Steven Lorentz.
12:23 of 3rd period - Shot Misses the Net.
12:25 of 3rd period - Shot by Steven Lorentz.
12:25 of 3rd period - Shot Misses the Net.
12:27 of 3rd period - Shot by J.T. Miller.
12:27 of 3rd period - Goal by J.T. Miller - Minnesota Wild : 1 - Anaheim Ducks : 3.
12:28 of 3rd period - Christian Dvorak wins face-off versus Calle Jarnkrok in neutral zone.
12:36 of 3rd period - Calle Jarnkrok is hit by Mike Reilly and loses puck.
12:46 of 3rd period - Sam Lafferty is hit by Mike Reilly and loses puck.
12:49 of 3rd period - Shot by Sam Lafferty.
12:49 of 3rd period - Stopped by Marc-Andre Fleury without a rebound.
12:50 of 3rd period - J.T. Miller wins face-off versus Brock Nelson in Minnesota Wild zone.
13:14 of 3rd period - Shot by Mikael Granlund.
13:14 of 3rd period - Shot Misses the Net.
13:17 of 3rd period - Icing by Scott Mayfield.
13:18 of 3rd period - J.T. Miller wins face-off versus Christian Dvorak in Anaheim Ducks zone.
13:18 of 3rd period - J.T. Miller is hit by Wayne Simmonds.
14:08 of 3rd period - Shot by Gustav Nyquist.
14:08 of 3rd period - Stopped by Marc-Andre Fleury without a rebound.
14:09 of 3rd period - Pavel Zacha wins face-off versus Brock Nelson in Minnesota Wild zone.
14:10 of 3rd period - Shot by Viktor Arvidsson.
14:10 of 3rd period - Stopped by Marc-Andre Fleury without a rebound.
14:11 of 3rd period - Brock Nelson wins face-off versus Pavel Zacha in Minnesota Wild zone.
14:16 of 3rd period - Pavel Zacha is hit by Brock Nelson.
14:28 of 3rd period - Shot by Evan Rodrigues.
14:28 of 3rd period - Stopped by Martin Jones with a rebound.
14:53 of 3rd period - Off-side.
14:54 of 3rd period - Calle Jarnkrok wins face-off versus Mika Zibanejad in neutral zone.
14:54 of 3rd period - Gustav Nyquist is hit by Kirill Kaprizov and loses puck.
14:58 of 3rd period - Jani Hakanpaa is hit by Jonas Brodin and loses puck.
15:12 of 3rd period - Gustav Nyquist is hit by Matt Dumba and loses puck.
15:15 of 3rd period - Shot by Gustav Nyquist.
15:15 of 3rd period - Goal by Gustav Nyquist - Minnesota Wild : 1 - Anaheim Ducks : 4.
15:16 of 3rd period - J.T. Miller wins face-off versus Christian Dvorak in neutral zone.
15:37 of 3rd period - Jordan Kyrou is hit by Mike Reilly and loses puck.
15:42 of 3rd period - Shot by Chandler Stephenson.
15:42 of 3rd period - Deflect By Jordan Kyrou.
15:42 of 3rd period - Stopped by Marc-Andre Fleury without a rebound.
15:43 of 3rd period - Calle Jarnkrok wins face-off versus Mika Zibanejad in Minnesota Wild zone.
15:55 of 3rd period - Icing by Matt Dumba.
15:56 of 3rd period - Pavel Zacha wins face-off versus Kirill Kaprizov in Minnesota Wild zone.
16:06 of 3rd period - Icing by Kirill Kaprizov.
16:07 of 3rd period - Mika Zibanejad wins face-off versus J.T. Miller in Minnesota Wild zone.
16:24 of 3rd period - Shot by Kirill Kaprizov.
16:24 of 3rd period - Shot Misses the Net.
16:36 of 3rd period - Shot by Mika Zibanejad.
16:36 of 3rd period - Shot Blocked by David Savard.
16:38 of 3rd period - Shot by Kirill Kaprizov.
16:38 of 3rd period - Stopped by Martin Jones with a rebound.
16:45 of 3rd period - Icing by Cam Fowler.
16:46 of 3rd period - Brock Nelson wins face-off versus J.T. Miller in Anaheim Ducks zone.
16:47 of 3rd period - Shot by Mikael Granlund.
16:47 of 3rd period - Stopped by Martin Jones without a rebound.
16:48 of 3rd period - Pavel Zacha wins face-off versus Brock Nelson in Anaheim Ducks zone.
17:03 of 3rd period - Shot by Rickard Rakell.
17:03 of 3rd period - Stopped by Marc-Andre Fleury without a rebound.
17:04 of 3rd period - Sam Lafferty wins face-off versus Christian Dvorak in Minnesota Wild zone.
17:04 of 3rd period - Sam Lafferty is hit by Mike Reilly.
17:06 of 3rd period - Shot by Calle Jarnkrok.
17:06 of 3rd period - Shot Misses the Net.
17:08 of 3rd period - Shot by Sam Lafferty.
17:08 of 3rd period - Stopped by Marc-Andre Fleury without a rebound.
17:09 of 3rd period - Lukas Sedlak wins face-off versus Nico Sturm in Minnesota Wild zone.
17:12 of 3rd period - Shot by J.T. Miller.
17:12 of 3rd period - Shot Misses the Net.
18:06 of 3rd period - Icing by Brayden McNabb.
18:07 of 3rd period - Pavel Zacha wins face-off versus Christian Dvorak in Anaheim Ducks zone.
18:07 of 3rd period - Pavel Zacha is hit by Wayne Simmonds.
18:15 of 3rd period - Shot by Viktor Arvidsson.
18:15 of 3rd period - Shot Blocked by Jon Merrill.
18:31 of 3rd period - Shot by Christian Dvorak.
18:31 of 3rd period - Shot Misses the Net.
18:33 of 3rd period - Shot by Jon Merrill.
18:33 of 3rd period - Stopped by Martin Jones without a rebound.
18:34 of 3rd period - J.T. Miller wins face-off versus Brock Nelson in Anaheim Ducks zone.
19:36 of 3rd period - Shot by Joel Eriksson Ek.
19:36 of 3rd period - Stopped by Martin Jones without a rebound.
19:37 of 3rd period - Christian Dvorak wins face-off versus Pavel Zacha in Anaheim Ducks zone.
19:55 of 3rd period - Shot by Christian Dvorak.
19:55 of 3rd period - Stopped by Martin Jones without a rebound.
19:56 of 3rd period - Calle Jarnkrok wins face-off versus Mika Zibanejad in Anaheim Ducks zone.
19:56 of 3rd period - Gustav Nyquist is hit by Kevin Rooney and loses puck.
Goals for this period are 0 for Minnesota Wild vs 2 for Anaheim Ducks.
Shots for this period are 12 for Minnesota Wild vs 11 for Anaheim Ducks.